wizbiz, neutral female human Wizard ----- ----- #### |...| |...+ --------- # |...| |...| ------- |.......|#### |...| |.{..###### |.....| |.......|## #....-# |...| # |.....| #........-## #-----# |...| ##......|# #---------# ## # |...| |......*## #### # @ # -.--- |.[...| ## # ## f # ## |.....| #### # #----------# # # ------- ## # #|........|# # # ### # #.........|# # # # # |........-# # # ### ### --------# |........| ## # ## ######## |%%%%%.|# |........| #--------|------- # ## -+-.---- |!%%%%.|# ---------- #|...............### |......| |%!%!%.|# #|.........>....| |...<..| |%(%%%.-# #-..............| |......| -------- ---------------- -------- wizbiz the Evoker Experience level: 2 Strength: 11 Dexterity: 11 Constitution: 13 Intelligence: 18 Wisdom: 10 Charisma: 12 Health: 15(15) Energy: 12(12) Def: 1 Gold: 190 Moves: 993 Dungeon seed: KVp0kdoUmDBA6i8z Game ID: wizbiz_1526303129 Your Inventory: Coins $ - 190 gold pieces Weapons u - a blessed +1 quarterstaff (weapon in hands) Armor e - an uncursed +0 cloak of magic resistance (being worn) Comestibles w - an uncursed food ration Scrolls i - an uncursed scroll of light j - an uncursed scroll of punishment k - an uncursed scroll of remove curse t - a blessed scroll of light Spellbooks l - a blessed spellbook of force bolt m - an uncursed spellbook of wizard lock p - an uncursed spellbook of turn undead Potions f - an uncursed potion of invisibility g - an uncursed potion of gain level h - an uncursed potion of water r - an uncursed potion of object detection Rings c - an uncursed ring of teleport control d - an uncursed ring of stealth (on left hand) Wands b - a wand of fire (0:6) Tools a - an uncursed sack s - an uncursed tin opener Gems n - an uncursed worthless piece of white glass Contents of the sack: an uncursed food ration Spells and supernatural/magical abilities: Name Level Category Fail Memory a - force bolt 1 attack 0% 96% w - wizard lock 2 matter 62% 96% T - turn undead 6 clerical 100% 96% W - pray for help -- divine ? -- Your skills at the end: Fighting Skills Weapon Skills quarterstaff [Basic] Spellcasting Skills attack spells [Basic] enchantment spells [Basic] Final Attributes: You had sinned. You were magic-protected. You were stealthy. You were unlucky. You survived. Vanquished creatures: an acid blob 2 large kobolds 4 jackals 2 goblins a sewer rat 4 grid bugs 2 lichens 3 newts 19 creatures vanquished. Voluntary challenges: You were vegetarian. You were an atheist. You used a wielded weapon 12 times, starting on turn 126. You read items or engraved 49 times, starting on turn 26. You never genocided any monsters. You never polymorphed an object. You never changed form. You used no wishes. You never split a pudding. You never wrote Elbereth's name. You violated your moral code, losing 14 points of alignment, starting on turn 805. Dungeon overview: The Dungeons of Doom: levels 1 to 3 Level 1 a long staircase Level 2 Level 3 <- You were here a delicatessen, a fountain stairs to The Gnomish Mines The Gnomish Mines: Level 4 stairs to The Dungeons of Doom History has recorded: On T:1 you entered the Dungeons of Doom to retrieve the Amulet of Yendor! On T:367 you reached level 2 of The Dungeons of Doom. On T:458 you advanced to experience level 2. On T:562 you reached level 3 of The Dungeons of Doom. On T:705 you reached level 1 of The Gnomish Mines. Score breakdown: Gold: 190 ( 7759 points) Experience: 2 levels ( 5570 points) Exploration: 4 levels ( 8.33%) ( 7579 points) Discoveries: 1 item ( 0.35%) ( 1770 points) Valuables value: (no points given unless you survive) Artifact value: 0 ( 0 points) Variety of kills: 8 monsters ( 2.10%) ( 4347 points) Turncount: 993 turns ( 0 points) Survival: quit (score multiplied by 90%) Total score: 24322 Latest messages: Hello wizbiz, the human Wizard, welcome back to NetHack! Be careful! New moon tonight. (2x) Final status: Goodbye wizbiz the Wizard, quit... You quit in The Dungeons of Doom on dungeon level 3 with 24322 points, and 190 pieces of gold, after 993 moves. You were level 2 with a maximum of 15 hit points when you quit.